AoeStats
← 只会打步弓

Arabia

509635580Analyzed
1v1 RM · 4d ago on Sep 27, 2026· 35m 51s· 2 players
Game mode
Random Map
Map size
Tiny (2 player)
Population
200
Speed
Normal
Resources
Standard
Victory
Conquest
Starting age
Dark Age
Ending age
Imperial Age
RankedLock teamsTeams togetherTeam positionsShared explorationLock speedFull tech treeHidden civsTurbo modeCheats
Victory
Defeat
🇨🇳 Mapuche · China
1931
+16
🇦🇷 Mongols · Argentina
1923
-16
La Lisandreta
8:44 Feudal Age
8:22 Loom
8:48 Man-at-Arms
15:45 Double-Bit Axe
20:59 Castle Age
19:47 Scale Mail Armor
19:54 Horse Collar
21:18 Forging
21:03 Long Swordsman
22:17 Chain Mail Armor
22:38 Squires
26:25 Bow Saw
29:12 Town Watch
30:16 Wheelbarrow
33:31 Fletching
38:54 Imperial Age
只会打步弓
5:35 Loom
8:58 Feudal Age
9:38 Champi Runner
13:33 Double-Bit Axe
14:49 Fletching
20:46 Castle Age
18:39 Horse Collar
20:02 Padded Archer Armor
20:55 Elite Skirmisher
21:31 Bodkin Arrow
22:16 Leather Archer Armor
25:23 Bow Saw
26:56 Ballistics
27:33 Wheelbarrow
27:34 Heavy Plow
27:26 Gold Mining
30:49 Hand Cart
35:42 Imperial Age
33:11 Town Watch
35:06 Gold Shaft Mining
34:22 Stone Mining
Connection lost

Rejoining the realm…

Still unreachable

The connection could not be restored.

Session expired

The server has moved on; the page needs a fresh start.